Map: Disco Bloodbath LE

Players

Reynor

  • Race: Zerg Zerg
  • Spawn Location: 9:00

Trap - Winner!

  • Race: Protoss Protoss
  • Spawn Location: 3:00

Event: 2019 WCS Global FInals

VOD

Have the link to the VOD?

Description

Time

  • Played on: Nov. 1, 2019, 5:14 p.m.
  • Length: 7:50

All games in this series

Show
View Real Time Build Order
Export as new Build Order

Reynor Zerg 

Build Orders: Hatch First 

Get SALT Encoding   

  12  0:00  Drone  
  13  0:13  Overlord  
  13  0:16  Drone  
  14  0:31  Drone x2  
  16  0:46  Hatchery  
  15  0:50  Drone  
  15  0:54  Drone  
  17  0:57  Drone  
  18  1:09  Extractor  
  17  1:13  Spawning Pool  
  17  1:16  Drone  
  17  1:19  Drone  
  18  1:28  Drone  
  19  1:39  Drone  
  20  1:49  Overlord  
  20  1:59  Queen x2  
  20  2:00  Drone x2  
  26  2:09  Zergling x2  
  26  2:11  Zergling x2  
  28  2:20  Drone  
  28  2:22  Drone  
  30  2:26  Hatchery  
  29  2:30  Drone  
  29  2:33  Drone  
  31  2:41  Drone  
  31  2:43  Overlord  
  32  2:49  Queen  
  34  2:52  Drone  
  34  2:54  Drone  
  36  3:03  Drone  
  37  3:07  Spore Crawler  
  37  3:09  Drone x3  
  37  3:11  Queen  
  41  3:12  Metabolic Boost  
  41  3:16  Zergling x2  
  41  3:18  Zergling x2  
  43  3:21  Zergling x2  
  43  3:23  Overlord  
  44  3:32  Overlord  
  44  3:40  Drone x3  
  45  3:43  Drone x4  
  49  3:50  Spore Crawler  
  49  3:51  Drone x2  
  49  3:52  Drone  
  49  3:54  Spore Crawler  
  50  3:57  Zergling x6  
  50  4:00  Drone  
  50  4:02  Drone  
  55  4:06  Lair  
  55  4:09  Drone  
  56  4:14  Drone x3  
  59  4:19  Spore Crawler  
  59  4:20  Drone x2  
  59  4:21  Drone  
  59  4:22  Drone  
  62  4:26  Overlord  
  62  4:28  Drone x2  
  62  4:29  Extractor x2  
  63  4:34  Drone x2  
  63  4:35  Drone  
  63  4:38  Drone x2  
  65  4:42  Overlord  
  65  4:48  Overlord  
  65  4:49  Evolution Chamber  
  65  4:50  Drone x2, Extractor  
  65  4:53  Spore Crawler  
  65  4:55  Drone  
  65  4:58  Overlord  
  65  5:06  Drone x5  
  67  5:11  Drone x4  
  67  5:12  Drone x2  
  72  5:15  Drone  
  72  5:19  Spore Crawler  
  69  5:22  Drone x2  
  69  5:23  Drone  
  69  5:25  Drone  
  69  5:27  Drone x2  
  73  5:30  Drone x2  
  73  5:32  Drone  
  77  5:40  Drone x4, Infestation Pit  
  80  5:43  Extractor  
  80  5:45  Extractor  
  80  5:47  Overlord  
  78  5:51  Roach Warren  
  78  5:54  Drone x2  
  79  5:58  Zergling x4, Spine Crawler  
  79  5:59  Spine Crawler  
  79  6:01  Queen  
  80  6:04  Queen  
  80  6:05  Zergling x4  
  80  6:09  Zergling x8  
  89  6:13  Zergling x2  
  89  6:15  Overlord  
  89  6:25  Overlord  
  89  6:31  Overlord  
  89  6:34  Roach x4  
  89  6:39  Overlord  
  97  6:41  Zergling x2  
  97  6:42  Overlord  
  97  6:44  Roach x5, Zergling x2  
  95  6:55  Overlord x2  
  93  7:01  Zergling x4  
  93  7:04  Zergling x2  
  84  7:13  Roach  
  84  7:14  Roach  
  68  7:17  Roach  
  68  7:19  Roach x2  
  68  7:22  Roach x3  
  76  7:23  Ravager x2  
  76  7:26  Roach x2  
Show
View Real Time Build Order
Export as new Build Order

Trap Protoss - Winner!

Build Orders: 1 Gate Expand, Oracle Opening 

Get SALT Encoding   

  12  0:00  Probe  
  13  0:12  Probe  
  14  0:18  Pylon  
  14  0:24  Probe  
  14  0:28  Assimilator  
  15  0:36  Probe (Chrono Boost)  
  16  0:43  Gateway  
  16  0:48  Probe (Chrono Boost)  
  17  0:53  Probe (Chrono Boost)  
  18  1:02  Probe  
  19  1:15  Probe  
  20  1:23  Nexus  
  20  1:34  Cybernetics Core  
  20  1:36  Probe  
  21  1:43  Assimilator  
  21  1:48  Probe  
  21  1:52  Pylon  
  22  2:00  Probe  
  23  2:07  Adept (Chrono Boost)  
  23  2:12  Stargate  
  23  2:14  Probe  
  26  2:18  Warp Gate  
  26  2:28  Probe (Chrono Boost)  
  27  2:30  Adept  
  27  2:35  Probe (Chrono Boost)  
  30  2:44  Probe x2 (Chrono Boost)  
  32  2:49  Probe (Chrono Boost)  
  32  2:50  Probe  
  34  2:52  Oracle (Chrono Boost)  
  37  3:00  Stalker  
  37  3:01  Probe  
  37  3:03  Probe  
  41  3:07  Pylon  
  41  3:13  Probe  
  41  3:15  Probe  
  41  3:19  Gateway  
  43  3:24  Oracle (Chrono Boost)  
  43  3:28  Probe  
  43  3:29  Probe  
  48  3:35  Pylon  
  48  3:42  Assimilator  
  48  3:43  Assimilator, Probe x2  
  50  3:51  Robotics Facility  
  52  3:55  Probe x2  
  52  4:02  Phoenix (Chrono Boost), Pylon  
  52  4:08  Probe x2  
  56  4:14  Adept x2  
  63  4:35  Immortal (Chrono Boost)  
  63  4:36  Probe x2  
  69  4:40  Pylon  
  69  4:48  Probe  
  67  4:53  Pylon  
  65  5:00  Gateway x2  
  65  5:04  Gateway x2  
  63  5:08  Sentry x2  
  63  5:09  Warp Prism (Chrono Boost)  
  65  5:27  Gateway  
  65  5:31  Gateway  
  65  5:33  Sentry x2  
  65  5:35  Immortal (Chrono Boost)  
  70  5:45  Pylon  
  70  5:46  Pylon  
  70  5:55  Zealot  
  72  5:58  Zealot x3  
  72  6:03  Zealot x2  
  72  6:04  Observer (Chrono Boost)  
  83  6:13  Pylon  
  83  6:23  Stalker x3  
  83  6:24  Stalker x2  
  93  6:27  Stalker  
  93  6:44  Zealot  
  93  6:45  Zealot  
  93  6:47  Stalker x2  
  99  7:01  Pylon  
  99  7:02  Pylon  
  93  7:12  Zealot x4  
  93  7:13  Zealot x4  
  84  7:32  Stalker x3  
  84  7:33  Stalker x3  
  84  7:34  Sentry  
  84  7:36  Sentry  
Tags
 
Add a new tag
Caveats
  • Supply blocks, unpowered buildings, or Contaminate may cause inaccurate times.
  • Supply counts are checked every 10 seconds.